 Dungeon Crawl Stone Soup version 0.32-a0-450-g080537f31e (webtiles) character file.

Game seed: 5082610521858255365

4192 CougarLife the Geomancer (level 10, 0/50 HPs)
             Began as a Gargoyle Earth Elementalist on Feb 24, 2024.
             Was a Follower of Vehumet.
             Slain by a hornet (13 damage)
             ... on level 8 of the Dungeon.
             The game lasted 00:09:09 (8984 turns).

CougarLife the Geomancer (GrEE)                     Turns: 8984, Time: 00:09:10

Health: 0/50       AC: 11    Str: 12    XL:     10   Next: 29%
Magic:  8/22       EV: 11    Int: 20    God:    Vehumet [*.....]
Gold:   220        SH:  0    Dex: 10    Spells: 21/25 levels left

rFire   + . .        K - +2 dagger (venom)
rCold   . . .        (no shield)
rNeg    + . .        v - +0 robe {Will+}
rPois   ∞            (no helmet)
rElec   +            D - +0 cloak
rCorr   .            (no gloves)
SInv    .            u - +0 pair of boots
Will    +....        (no amulet)
Stlth   ++           p - ring of protection from fire
HPRegen 0.28/turn    C - +4 ring of slaying
MPRegen 0.18/turn

%: no passive effects
@: no status effects
A: sickness immunity, AC +7, negative energy resistance 1, electricity
resistance, torment resistance 1, petrification resistance
a: Renounce Religion


You were on level 8 of the Dungeon.
You worshipped Vehumet.
Vehumet was aware of your devotion.
You visited 2 branches of the dungeon, and saw 9 of its levels.

You collected 276 gold pieces.
You spent 56 gold pieces at shops.

Inventory:

Hand Weapons
 K - a +2 dagger of venom (weapon)
Armour
 u - a +0 pair of boots (worn)
 v - a +0 robe of willpower (worn)
 D - a +0 cloak (worn)
Jewellery
 a - a ring of ice
 p - a ring of protection from fire (left hand)
 q - a ring of protection from fire
 C - a +4 ring of slaying (right hand)
 I - a ring of ice
Wands
 b - a wand of mindburst (10)
 k - a wand of flame (36)
 E - a wand of digging (4)
Scrolls
 c - a scroll of summoning {unknown}
 d - 2 scrolls of blinking
 g - a scroll of immolation {unknown}
 h - 2 scrolls of enchant armour {unknown}
 i - a scroll of vulnerability {unknown}
 n - a scroll of noise {unknown}
 o - 3 scrolls of amnesia
 r - 5 scrolls of teleportation
 x - 3 scrolls of enchant weapon {unknown}
 y - a scroll of poison {unknown}
 F - a scroll of fear
 G - a scroll of fog {unknown}
 H - a scroll of identify
 J - a scroll of revelation {unknown}
Potions
 e - 2 potions of brilliance
 j - 3 potions of degeneration {unknown}
 l - 3 potions of haste
 m - 4 potions of heal wounds
 s - 2 potions of cancellation {unknown}
 t - a potion of might {unknown}
 w - 3 potions of curing {unknown}
 z - 2 potions of enlightenment {unknown}
 A - 4 potions of invisibility {unknown}
 B - a potion of berserk rage {unknown}


   Skills:
 - Level 1.5 Dodging
 - Level 2.1 Stealth
 + Level 8.1 Spellcasting
 + Level 9.3 Conjurations
 + Level 10.7 Earth Magic


You had 21 spell levels left.
You knew the following spells:

 Your Spells              Type           Power      Damage    Failure   Level
a - Sandblast             Erth           100%       2d20      1%          1
b - Stone Arrow           Conj/Erth      96%        3d13      1%          3

Your spell library contained the following spells:

 Spells                   Type           Power      Damage    Failure   Level
 Foxfire                  Conj/Fire      100%       2x1d9     1%          1
 Kiss of Death            Conj/Necr      100%       2d13      1%          1
 Shock                    Conj/Air       100%       1d9       1%          1
 Passwall                 Erth           50%        N/A       1%          3
 Brom's Barrelling Bould  Conj/Erth      48%        2d7       1%          4
 Animate Armour           Summ/Erth      58%        N/A       10%         4
 Petrify                  Alch/Erth      29%        N/A       10%         4
 Flame Wave               Conj/Fire      26%        2d8       12%         4
 Fulminant Prism          Conj/Alch      13%        3d9       12%         4
 Iskenderun's Mystic Bla  Conj/Tloc      26%        2d7       12%         4
 Lesser Beckoning         Tloc           16%        N/A       13%         2
 Confusing Touch          Hex            8%         N/A       26%         3
 Gell's Gravitas          Tloc           8%         N/A       26%         3
 Inner Flame              Hex/Fire       8%         N/A       26%         3
 Swiftness                Air            8%         N/A       26%         3
 Teleport Other           Tloc           8%         N/A       26%         3
 Tukima's Dance           Hex            8%         N/A       26%         3
 Volatile Blastmotes      Fire/Tloc      16%        2d11      26%         3
 Airstrike                Air            4%         2d(1-17)  63%         4
 Dispel Undead            Necr           8%         3d8       63%         4
 Martyr's Knell           Necr/Summ      8%         N/A       63%         4
 Olgreb's Toxic Radiance  Alch           8%         N/A       63%         4
 Passage of Golubria      Tloc           8%         N/A       63%         4
 Sticky Flame             Fire/Alch      8%         2d4       63%         4
 Summon Forest            Summ/Tloc      4%         N/A       93%         5
 Summon Mana Viper        Hex/Summ       8%         N/A       93%         5
 Yara's Violent Unravell  Hex/Alch       4%         3d4       93%         5
 Death Channel            Necr           4%         N/A       100%        6
 Dispersal                Tloc           4%         N/A       100%        6
 Summon Cactus Giant      Summ           4%         N/A       100%        6
 Ozocubu's Refrigeration  Ice            4%         4d8       100%        7
 Discord                  Hex            4%         N/A       100%        8
 Lehudib's Crystal Spear  Conj/Erth      24%        10d7      100%        8
 Cigotuvi's Dreadful Rot  Necr/Alch/Air  Unusable   N/A       N/A         2

Dungeon Overview and Level Annotations

Branches:
Dungeon (8/15)             Temple (1/1) D:6
   Lair: D:8-11

Altars:
Ashenzari
Elyvilon
Gozag
Hepliaklqana
Kikubaaqudgha
Nemelex Xobeh
Qazlal
Ru
Sif Muna
Trog
Uskayaw
Vehumet
Wu Jian
Xom
Yredelemnul
Zin

Annotations:
D:7 2 transporters, Juicyj's ghost, novice MiFi
D:8 exclusions: hornet and 3 more exclusions


Innate Abilities, Weirdness & Mutations

You are immune to sickness and miasma.
Your stone body is resilient. (AC +7)
You are immune to poison.
You resist negative energy. (rN+)
You are resistant to electric shocks. (rElec)
You are resistant to unholy torment.
You are immune to petrification.


Message History

The water moccasin hisses angrily.
Casting: Stone Arrow (safe; 1% risk of failure)
Confirm with . or Enter, or press ? or * to list all spells.
Aiming: Sandblast (safe; 1% risk of failure)
Press: ? - help, Shift-Dir - straight line, f - water moccasin
Aim: a water moccasin (76% to hit)
The blast of sand hits the water moccasin!!
You kill the water moccasin!
Vehumet accepts your kill.
The hornet buzzes angrily.
Casting: Sandblast (safe; 1% risk of failure)
Confirm with . or Enter, or press ? or * to list all spells.
Aiming: Sandblast (safe; 1% risk of failure)
Press: ? - help, Shift-Dir - straight line, f - hornet
Aim: a hornet (78% to hit)
The blast of sand hits the hornet!
The hornet is moderately wounded.
Casting: Sandblast (safe; 1% risk of failure)
Confirm with . or Enter, or press ? or * to list all spells.
Aiming: Sandblast (safe; 1% risk of failure)
Press: ? - help, Shift-Dir - straight line, f/p - hornet
Aim: a hornet (moderately wounded, 78% to hit)
The blast of sand misses the hornet.
The hornet closely misses you. The hornet stings you! x2
Casting: Sandblast (safe; 1% risk of failure)
Confirm with . or Enter, or press ? or * to list all spells.
Aiming: Stone Arrow (safe; 1% risk of failure)
Press: ? - help, Shift-Dir - straight line, f/p - hornet
Aim: a hornet (moderately wounded, 64% to hit)
The stone arrow misses the hornet.
The hornet stings you!
* * * LOW HITPOINT WARNING * * *
Casting: Stone Arrow (safe; 1% risk of failure)
Confirm with . or Enter, or press ? or * to list all spells.
Aiming: Stone Arrow (safe; 1% risk of failure)
Press: ? - help, Shift-Dir - straight line, f/p - hornet
Aim: a hornet (moderately wounded, 64% to hit)
The stone arrow hits the hornet!
The hornet is severely wounded.
The hornet stings you!
You die...

....#
#.......#................
#...##
##....###........#.......
###..##
###..........#######....
##..##
##.........###.........
##..####..........#
#.#####.##
#...............##
#.#...#... ##..............#
#.#.#.#### ##.............#
#.#.#...# ##
##.........@y†.####.#.###.#
.#####...#######...........#
... ...##...## ###.......###
## .......## ##)...#.#
.......# ##..##.# .......#
.......# ..##...## ###$#####
.###..>.### ..c ##
####...####.# .#.#


You could see a hornet.

Vanquished Creatures
  Grinder (D:5)
  Sigmund (D:2)
  A slime creature (D:8)
  A vampire (D:6)
  7 yaks
  A wyvern (D:8)
  5 water moccasins
  2 sky beasts
  The ghost of HC7 the Changeling, an amateur TrSh (D:3)
  2 ice beasts (D:5)
  A black bear (D:6)
  4 centaurs (D:8)
  A bullfrog (D:7)
  A gnoll sergeant (D:7)
  4 scorpions
  6 hounds
  An orc priest (D:6)
  A jelly (D:5)
  Jessica (D:2)
  3 iguanas
  An orc wizard (D:8)
  14 gnolls
  An adder (D:5)
  A shadow imp (D:7)
  3 white imps
  2 ufetubi (D:6)
  4 dart slugs
  3 ribbon worms
  10 orcs
  10 ball pythons
  8 endoplasms
  A giant cockroach (D:2)
  7 goblins
  4 hobgoblins
  5 jackals
  10 quokkas
  7 bats
  4 frilled lizards
  6 kobolds
  4 rats (D:1)
150 creatures vanquished.

Vanquished Creatures (others)
  An orc wizard (D:6)
1 creature vanquished.

Grand Total: 151 creatures vanquished

Notes
Turn   | Place    | Note
-------+----------+-------------------------------------------
     0 | D:1      | CougarLife the Gargoyle Earth Elementalist began the quest
                  | for the Orb.
     0 | D:1      | Reached XP level 1. HP: 10/10 MP: 3/3
   114 | D:1      | Reached skill level 4 in Earth Magic
   114 | D:1      | Reached XP level 2. HP: 3/15 MP: 0/5
   353 | D:1      | Reached XP level 3. HP: 19/19 MP: 0/6
  1152 | D:2      | Noticed Jessica
  1169 | D:2      | Killed Jessica
  1170 | D:2      | Reached XP level 4. HP: 4/24 MP: 0/8
  1422 | D:2      | Noticed Sigmund
  1430 | D:2      | Killed Sigmund
  1431 | D:2      | Reached skill level 5 in Earth Magic
  1431 | D:2      | Reached XP level 5. HP: 15/28 MP: 3/10
  1431 | D:2      | Reached XP level 6. HP: 17/32 MP: 3/11
  1570 | D:2      | Found a hazy altar of Hepliaklqana.
  2450 | D:3      | Learned a level 3 spell: Stone Arrow
  2649 | D:3      | Found a runed translucent door.
  2649 | D:3      | Noticed HC7's ghost (amateur TrSh)
  3222 | D:3      | Killed HC7's ghost
  3545 | D:4      | Reached skill level 6 in Earth Magic
  3545 | D:4      | Reached XP level 7. HP: 36/36 MP: 8/13
  4196 | D:5      | Entered Level 5 of the Dungeon
  4206 | D:5      | Reached skill level 5 in Conjurations
  4284 | D:5      | Found a bloodstained altar of Trog.
  4499 | D:5      | Noticed Grinder
  4524 | D:5      | Reached skill level 5 in Spellcasting
  4524 | D:5      | Reached skill level 7 in Earth Magic
  4524 | D:5      | Reached XP level 8. HP: 10/41 MP: 5/15
  4654 | D:5      | Killed Grinder
  4988 | D:5      | Found Cuetoss's CLEARANCE SALE!.
  4994 | D:5      | Bought a scroll of fear for 28 gold pieces
  4994 | D:5      | Bought a potion of brilliance for 28 gold pieces
  5366 | D:6      | Reached skill level 8 in Earth Magic
  5418 | D:6      | Found a staircase to the Ecumenical Temple.
  5465 | Temple   | Entered the Ecumenical Temple
  5497 | Temple   | Became a worshipper of Vehumet
  5627 | D:6      | Noticed a vampire
  5633 | D:6      | Killed a vampire
  5634 | D:6      | Reached XP level 9. HP: 44/45 MP: 8/18
  6139 | D:7      | Found a transporter.
  6139 | D:7      | Found a transporter.
  6275 | D:7      | Noticed a hornet
  6503 | D:7      | Reached skill level 9 in Earth Magic
  6540 | D:7      | Found an opulent altar of Gozag.
  7444 | D:7      | Noticed Juicyj's ghost (novice MiFi)
  7544 | D:8      | Noticed a hornet
  8097 | D:8      | Reached skill level 10 in Earth Magic
  8281 | D:8      | Reached XP level 10. HP: 36/50 MP: 10/21
  8417 | D:8      | Reached * piety under Vehumet
  8417 | D:8      | Offered knowledge of Foxfire by Vehumet.
  8984 | D:8      | Slain by a hornet

Illustrated notes

Levels and vault maps discovered:
D:1:      ldierk_walled_garden_2, layout_basic
D:2:      layout_loops_ring, basic_altar, uniq_sigmund, uniq_jessica
D:3:      minmay_diamond_boxcup, layout_basic, gammafunk_ghost_grave
D:4:      layout_basic
D:5:      layout_rooms, mainiacjoe_overflow_alcove_1, nicolae_shop_clearance,
          uniq_grinder
D:6:      layout_loops_ring, minmay_temple_entry_proselytizer,
          hangedman_decor_opposing, minmay_crossroads
D:7:      layout_layer_cave, lemuel_round_altar, nzn_ghost_randoct
D:8:      minmay_the_grid_plus [minmay_the_grid_minigrid_small,
          minmay_the_grid_stretched_grid, minmay_the_grid_paths,
          minmay_the_grid_pillar_ring, minmay_the_grid_prize_trominoes],
          layout_layer_cave, grunt_dithmenos_smoke, minitemple,
          hangedman_abyss_or_decor_stabs
Temple:   oiseaux_autumnal_temple

Skill      XL: |  1  2  3  4  5  6  7  8  9 10 |
---------------+-------------------------------+-----
Earth Magic    | 4 5 6 7 8 10 | 10.7
Conjurations   | 2 3 4 5 7 8 9 |  9.3
Spellcasting   | 3 4 5 6 7 8 |  8.1
Dodging        | |  1.5
Stealth        | |  2.1

Action                     |  1- 3 |  4- 6 |  7- 9 | 10-12 || total
---------------------------+-------+-------+-------+-------++-------
  Melee: Unarmed           |     2 |       |       |       ||     2
         Dagger            |    16 |    15 |     5 |     1 ||    37
   Cast: Sandblast         |    47 |    61 |   134 |    11 ||   253
         Stone Arrow       |       |     9 |    26 |    15 ||    50
    Use: Potion            |       |     1 |       |       ||     1
         Scroll            |       |       |     5 |       ||     5
 Armour: Robe              |    26 |    31 |    92 |    32 ||   181
  Dodge: Dodged            |    21 |    26 |    54 |    18 ||   119

Table legend: (Time is in decaauts)
 A = Elapsed time spent in this place.
 B = Non-inter-level travel time spent in this place.
 C = Inter-level travel time spent in this place.
 D = Time resting spent in this place.
 E = Time spent auto-exploring this place.
 F = Levels seen in this place.
 G = Mean time per level.
                   A        B        C        D        E       F      G
               +--------+--------+--------+--------+--------+-----+--------+
         Total |   9116 |   8625 |    491 |   1436 |   5995 |   9 | 1012.9 |
       Dungeon |   9054 |   8619 |    435 |   1436 |   5995 |   8 | 1131.8 |
        Temple |     61 |      6 |     55 |      0 |      0 |   1 |   61.0 |
               +--------+--------+--------+--------+--------+-----+--------+

Top non-repeatable levels by time:
     D:7: 1963 daAuts
     D:3: 1233 daAuts
     D:1: 1160 daAuts
     D:6: 1091 daAuts
     D:2: 1007 daAuts
     D:4: 964 daAuts
     D:8: 873 daAuts
     D:5: 759 daAuts
  Temple: 61 daAuts
